 Dungeon Crawl Stone Soup version 0.24.0-1-gfbc8707122 (webtiles) character file.

Game seed: 8645153627870082289, levelgen mode: deterministic

35 mortelune the Insei (level 3, 0/23 HPs)
             Began as an Octopode Transmuter on Oct 26, 2019.
             Slain by a ball python (1 damage)
             ... on level 1 of the Dungeon.
             The game lasted 00:03:27 (1400 turns).

mortelune the Insei (Octopode Transmuter)           Turns: 1400, Time: 00:03:28

Health: 0/23       AC:  1    Str:  9    XL:     3   Next: 33%
Magic:  3/6        EV: 16    Int: 20    God:
Gold:   57         SH:  0    Dex: 17    Spells: 3/6 levels left

rFire    . . .     SeeInvis .     - Unarmed
rCold    . . .     Gourm    .   (no shield)
rNeg     . . .     Faith    .   (helmet restricted)
rPois    .         Spirit   .   (no amulet)
rElec    .         Reflect  .   h - +4 ring of intelligence
rCorr    .         Harm     .   (no ring)
MR       .....                  (no ring)
Stlth    ++++......             (no ring)
HPRegen  0.07/turn              (no ring)
MPRegen  0.10/turn              (no ring)
                                (no ring)
                                (no ring)

@: agile, appendage, constricted
A: almost no armour, stealthy swim, amphibious, 8 rings, constrict 8, tentacle
spike 3, camouflage 1, gelatinous body 1
a: End Transformation


You were on level 1 of the Dungeon.
You were hungry.
One of your tentacles had a temporary spike.
You visited 1 branch of the dungeon, and saw 2 of its levels.

You collected 57 gold pieces.

Inventory:

Missiles
 a - 25 arrows
Jewellery
 h - a +4 ring of intelligence (left tentacle)
Scrolls
 g - a scroll of random uselessness {unknown}
 j - a scroll of identify {unknown}
 k - a scroll of remove curse {unknown}
Potions
 e - a potion of ambrosia {unknown}
 f - a potion of curing {unknown}
 i - a potion of lignification {unknown}
Comestibles
 c - 6 rations


   Skills:
 + Level 1.6 Fighting
 + Level 2.4 Dodging
 * Level 3.5 Unarmed Combat
 - Level 2.1 Spellcasting
 - Level 2.2 Transmutations


You had 3 spell levels left.
You knew the following spells:

 Your Spells              Type           Power        Failure   Level  Hunger
a - Beastly Appendage     Tmut           ##....       6%          1    #......
b - Sticks to Snakes      Tmut           ##......     10%         2    ##.....

Your spell library contained the following spells:

 Spells                   Type           Power        Failure   Level  Hunger
 Spider Form              Tmut/Pois      #.........   30%         3    ###....
 Ice Form                 Ice/Tmut       #.......     69%         4    #####..
 Blade Hands              Tmut           ##........   87%         5    ######.


Dungeon Overview and Level Annotations

Branches:
Dungeon (2/15)

Altars:


Innate Abilities, Weirdness & Mutations

You cannot wear most types of armour.
You are very stealthy in the water. (Stealth+)
You are amphibious.
You can wear up to eight rings at the same time.
You can use your tentacles to constrict eight enemies at once.
Your skin changes colour to match your surroundings (Stealth+).
Your rubbery body absorbs attacks. (AC +1, EV +1)
One of your tentacles bears a large vicious spike.


Message History

You constrict the quokka. The quokka barely misses you.
The ball python barely misses you. The ball python closely misses you.
The quokka completely misses you.
You tentacle-slap the quokka but do no damage.
The quokka is moderately wounded.
You constrict the quokka. The ball python bites you. The ball python grabs you.
* * * LOW HITPOINT WARNING * * *
The ball python constricts you. The quokka bites you.
* * * LOW HITPOINT WARNING * * *
The ball python's grasp on you weakens, but your attempt to escape fails.
You constrict the quokka, but do no damage.
The ball python bites you.
* * * LOW HITPOINT WARNING * * *
x2 The ball python constricts you.
The quokka completely misses you.
It was a potion of agility.
You feel agile all of a sudden.
You constrict the quokka.
You kill the quokka!
The ball python misses you.
You die...

#.# #.....#
#.... #.##
#)....#
#.### #>.#
#.....# #.#
##.#
#.....# #)#
#.# #######
#.# #.# #.#
#.# #.#
##S##
########.#
#..@##
#........#
#....#
#.########
#....####.#
####......#
########


You could see a ball python.

Vanquished Creatures
  An adder (D:2)
  A dart slug (D:1)
  A leopard gecko (D:2)
  2 giant cockroaches (D:1)
  3 goblins (D:1)
  5 hobgoblins (D:1)
  A quokka (D:1)
  A bat (D:1)
  2 frilled lizards
  4 kobolds
  2 rats (D:1)
23 creatures vanquished.

Notes
Turn   | Place    | Note
-------+----------+-------------------------------------------
     0 | D:1      | mortelune the Octopode Transmuter began the quest for the
                  | Orb.
     0 | D:1      | Reached XP level 1. HP: 13/13 MP: 3/3
   286 | D:1      | Reached XP level 2. HP: 14/18 MP: 3/5
   369 | D:1      | Learned a level 2 spell: Sticks to Snakes
  1358 | D:2      | Reached XP level 3. HP: 13/23 MP: 0/6
  1399 | D:1      | HP: 1/23 [ball python (1)]
  1400 | D:1      | Slain by a ball python

Levels and vault maps discovered:
D:1:      matt_arrival_grand_opening, layout_loops_cross
D:2:      layout_rooms, uniq_natasha

Action                   || total
-------------------------++-------
Melee: Unarmed           ||    52
       Constrict         ||    14
       Kick              ||    12
       Tentacles         ||     7
 Cast: Beastly Appendage ||    18
       Sticks to Snakes  ||     1
  Use: Potion            ||     1
 Stab: Sleeping          ||     2
  Eat: Chunk             ||     1
Armor: Skin              ||     5
Dodge: Dodged            ||    48
